Connexion

WINNIPEG Jets vs ST. LOUIS Blues (R2)

Created - 23 octobre 2023 at 07:29

Goals
1 2 3 T
WINNIPEG Jets 1 0 0 1
ST. LOUIS Blues 2 1 2 5
Shots
1 2 3 T
WINNIPEG Jets 10 17 2 29
ST. LOUIS Blues 13 10 16 39

GoalsPenalties
1st period
1. WINNIPEG Jets , Andreas Athanasiou 13 (Eeli Tolvanen 11, Anton Lindholm 14) at 5:30
2. ST. LOUIS Blues , David Perron 10 (Craig Smith 5, Luke Schenn 7) at 6:31
3. ST. LOUIS Blues , Jonas Brodin 3 (Brendan Gallagher 14, Dylan Larkin 26) at 12:54 (PP)
Jeff Petry (WPG) for Holding (Minor) at 0:21
Zach Whitecloud (STL) for Hooking (Minor) at 2:57
Dominic Kubalik (STL) for Roughing (Minor) at 8:13
Brayden McNabb (STL) for Hooking (Minor) at 9:20
Alexei Toropchenko (WPG) for Boarding (Minor) at 12:02
James Neal (STL) for Tripping (Minor) at 12:59
Rasmus Kupari (WPG) for Hooking (Minor) at 15:28
Alexei Toropchenko (WPG) for Hooking (Minor) at 19:28
2nd period
4. ST. LOUIS Blues , Jake Leschyshyn 1 (Brendan Gallagher 15, Jonas Brodin 11) at 6:44
Noah Cates (WPG) for Holding (Minor) at 4:39
Jonas Brodin (STL) for High sticking (Minor) at 9:38
Luke Schenn (STL) for High sticking (Minor) at 17:39
Dmitrij Jaskin (WPG) for Hooking (Minor) at 19:39
3rd period
5. ST. LOUIS Blues , Dominic Kubalik 4 (Jaden Schwartz 20, Phillip Danault 19) at 2:52
6. ST. LOUIS Blues , Craig Smith 9 (Luke Schenn 8, David Perron 10) at 8:16
Jeff Petry (WPG) for Roughing (Minor) at 5:08
Charlie Coyle (WPG) for Tripping (Minor) at 15:56
Goalie Stats
Ukko-Pekka Luukkonen (WPG), 34 saves from 39 shots - (0,872), L, 11-8-2, 60:00 minutes
Mackenzie Blackwood (STL), 28 saves from 29 shots - (0,966), W, 17-5-2, 60:00 minutes
3 StarsOfficial
1 - David Perron (STL)
2 - Craig Smith (STL)
3 - Jonas Brodin (STL)
Referees : Rob Martell and Justin StPierre
Linesman : Brian Mach and Pierre Champoux
Game Note
Jesper Bratt is injured at 16:32 of 2nd period (Right Hip)
Finance
Level 1 -- Attendance: 5722 (95,37%) -- Ticket Income 743 860 $
Level 2 -- Attendance: 5685 (92,44%) -- Ticket Income 432 060 $
Level 3 -- Attendance: 1764 (88,20%) -- Ticket Income 102 312 $
Level 4 -- Attendance: 3547 (88,68%) -- Ticket Income 131 239 $
Luxury Box -- Attendance: 1000 (100,00%) -- Ticket Income 280 000 $
Game was played at the Scottrade Center.
Total Attendance: 17718 (92,52%)
Total Ticket Income: 1 689 471 $
Other Income: 337 894 $
Total Income: 2 027 365 $



Team Name Goals Shots Shots Attemp Shots Blocked PIM HIT PP PK FO%
WINNIPEG Jets 12955416240 / 6 (0%)140%
ST. LOUIS Blues 539701112211 / 8 (13%)060%

WINNIPEG Jets
Player Name POS G A P +/- PIM HIT SHT SB MP PP MP PP SHT PK MP PK SHT FO% FOT
Alex Barre-BouletC/LW/RW000000007:215:3600:0000% 0
Alexei ToropchenkoRW000-140106:530:0000:0000% 0
Andreas AthanasiouC/LW/RW101-1016022:565:3634:560100% 1
Anton LindholmD0111002013:360:0001:3100% 0
Charlie CoyleC/RW000-1201012:205:2610:000100% 1
Damon SeversonD000-2022026:306:0828:1400% 0
Dawson MercerC000-1032023:415:3614:56038% 32
Dmitrij JaskinLW/RW000-1250013:080:0000:0000% 0
Eeli TolvanenLW/RW011-1011012:240:0000:0000% 0
Ethan BearD000-2012021:254:5426:3100% 0
Gemel SmithC/LW/RW0000021116:335:2609:22025% 4
Jeff Petry D000-2474124:036:0845:4900% 0
Noah CatesLW000-1200013:080:0000:0000% 0
Olli JuoleviD000-2022122:194:5417:2500% 0
Rasmus KupariC000-1202012:500:0000:27058% 12
Sam ReinhartC/RW000-1002122:105:2619:49036% 44
Simon BenoitD0001000012:050:0000:0000% 0
Vitali AbramovLW/RW000000101:450:0000:0000% 0
ST. LOUIS Blues
Player Name POS G A P +/- PIM HIT SHT SB MP PP MP PP SHT PK MP PK SHT FO% FOT
Brayden McNabbD0000230416:340:4003:2800% 0
Brendan GallagherRW022-1014021:017:2220:0000% 2
Craig SmithC/RW112201119:481:1703:55050% 14
David PerronC/LW/RW1122026019:138:1440:0000% 1
Dominic KubalikLW1011202017:016:3700:000100% 1
Dylan LarkinC/LW011-1011221:017:2200:00068% 28
Jaden SchwartzLW0111015017:267:0110:0000% 0
Jake LeschyshynC101100205:330:0000:00075% 4
James NealLW/RW000220005:210:4600:00050% 2
Jeremy LauzonD0003010011:270:0003:0000% 0
Jesper BrattLW/RW000-1000010:573:4100:0000% 0
Jonas BrodinD1120244126:378:1045:0800% 0
Justin SchultzD0000015127:297:5056:1900% 0
Luke SchennD022320219:340:4600:2200% 0
Marcus FolignoLW0001020013:040:4606:45050% 2
Matthew HighmoreC/LW/RW000100209:250:2703:2500% 0
Phillip DanaultC0111034024:096:3727:07060% 40
Zach WhitecloudD0000211122:206:0913:4600% 0



Play-by-Play

1st period


0:01 of 1st period - Dylan Larkin wins face-off versus Dawson Mercer in neutral zone.
0:21 of 1st period - Minor Penalty to Jeff Petry for Holding.
0:22 of 1st period - Phillip Danault wins face-off versus Sam Reinhart in WINNIPEG Jets zone.
0:22 of 1st period - David Perron is hit by Olli Juolevi and loses puck.
0:25 of 1st period - Shot by David Perron.
0:25 of 1st period - Stopped by Ukko-Pekka Luukkonen without a rebound.
0:26 of 1st period - Sam Reinhart wins face-off versus Dylan Larkin in WINNIPEG Jets zone.
0:32 of 1st period - Icing by Brendan Gallagher.
0:33 of 1st period - Dylan Larkin wins face-off versus Sam Reinhart in ST. LOUIS Blues zone.
0:33 of 1st period - Dylan Larkin is hit by Gemel Smith.
0:39 of 1st period - Shot by Justin Schultz.
0:39 of 1st period - Stopped by Ukko-Pekka Luukkonen without a rebound.
0:40 of 1st period - Phillip Danault wins face-off versus Dawson Mercer in WINNIPEG Jets zone.
0:58 of 1st period - Jaden Schwartz is hit by Olli Juolevi.
1:00 of 1st period - Shot by Phillip Danault.
1:00 of 1st period - Shot Misses the Net.
1:02 of 1st period - Shot by Zach Whitecloud.
1:02 of 1st period - Stopped by Ukko-Pekka Luukkonen without a rebound.
1:03 of 1st period - Sam Reinhart wins face-off versus Dylan Larkin in WINNIPEG Jets zone.
2:20 of 1st period - Shot by Jaden Schwartz.
2:20 of 1st period - Shot Misses the Net.
2:39 of 1st period - Off-side.
2:40 of 1st period - Craig Smith wins face-off versus Dawson Mercer in neutral zone.
2:40 of 1st period - David Perron is hit by Dmitrij Jaskin and loses puck.
2:46 of 1st period - Noah Cates is hit by Brayden McNabb and loses puck.
2:57 of 1st period - Minor Penalty to Zach Whitecloud for Hooking.
2:58 of 1st period - Dawson Mercer wins face-off versus Phillip Danault in ST. LOUIS Blues zone.
3:01 of 1st period - Shot by Jeff Petry .
3:01 of 1st period - Stopped by Mackenzie Blackwood without a rebound.
3:02 of 1st period - Phillip Danault wins face-off versus Dawson Mercer in ST. LOUIS Blues zone.
3:02 of 1st period - Phillip Danault is hit by Dawson Mercer.
3:24 of 1st period - Justin Schultz is hit by Dawson Mercer and loses puck.
3:42 of 1st period - Icing by Damon Severson.
3:43 of 1st period - Dawson Mercer wins face-off versus Craig Smith in WINNIPEG Jets zone.
3:43 of 1st period - Dawson Mercer is hit by Brayden McNabb.
3:53 of 1st period - Shot by Jeff Petry .
3:53 of 1st period - Shot Misses the Net.
3:55 of 1st period - Shot by Andreas Athanasiou.
3:55 of 1st period - Stopped by Mackenzie Blackwood without a rebound.
3:56 of 1st period - Phillip Danault wins face-off versus Sam Reinhart in ST. LOUIS Blues zone.
4:30 of 1st period - Shot by Gemel Smith.
4:30 of 1st period - Shot Blocked by Brayden McNabb.
5:12 of 1st period - Shot by Brendan Gallagher.
5:12 of 1st period - Shot Misses the Net.
5:26 of 1st period - Shot by Andreas Athanasiou.
5:26 of 1st period - Shot Blocked by Dylan Larkin.
5:28 of 1st period - Shot by Eeli Tolvanen.
5:28 of 1st period - Stopped by Mackenzie Blackwood with a rebound.
5:30 of 1st period - Shot by Andreas Athanasiou.
5:30 of 1st period - Goal by Andreas Athanasiou - WINNIPEG Jets : 1 - ST. LOUIS Blues : 0.
5:31 of 1st period - Dawson Mercer wins face-off versus Phillip Danault in neutral zone.
5:52 of 1st period - Shot by Jaden Schwartz.
5:52 of 1st period - Stopped by Ukko-Pekka Luukkonen without a rebound.
5:53 of 1st period - Sam Reinhart wins face-off versus Craig Smith in WINNIPEG Jets zone.
5:57 of 1st period - Olli Juolevi is hit by David Perron.
6:31 of 1st period - Shot by David Perron.
6:31 of 1st period - Goal by David Perron - WINNIPEG Jets : 1 - ST. LOUIS Blues : 1.
6:32 of 1st period - Dawson Mercer wins face-off versus Phillip Danault in neutral zone.
7:00 of 1st period - Justin Schultz is hit by Damon Severson and loses puck.
7:03 of 1st period - Shot by Jaden Schwartz.
7:03 of 1st period - Stopped by Ukko-Pekka Luukkonen without a rebound.
7:04 of 1st period - Rasmus Kupari wins face-off versus Dylan Larkin in WINNIPEG Jets zone.
7:14 of 1st period - Shot by Rasmus Kupari.
7:14 of 1st period - Shot Blocked by Zach Whitecloud.
7:16 of 1st period - Shot by Rasmus Kupari.
7:16 of 1st period - Shot Misses the Net.
7:18 of 1st period - Shot by Andreas Athanasiou.
7:18 of 1st period - Stopped by Mackenzie Blackwood with a rebound.
7:20 of 1st period - Shot by Andreas Athanasiou.
7:20 of 1st period - Deflect By Eeli Tolvanen.
7:20 of 1st period - Shot Misses the Net.
7:22 of 1st period - Shot by Eeli Tolvanen.
7:22 of 1st period - Deflect By Rasmus Kupari.
7:22 of 1st period - Stopped by Mackenzie Blackwood with a rebound.
8:09 of 1st period - Alexei Toropchenko is hit by Jonas Brodin and loses puck.
8:13 of 1st period - Minor Penalty to Dominic Kubalik for Roughing.
8:14 of 1st period - Dawson Mercer wins face-off versus Phillip Danault in ST. LOUIS Blues zone.
8:41 of 1st period - Shot by Ethan Bear.
8:41 of 1st period - Shot Misses the Net.
9:15 of 1st period - Shot by Sam Reinhart.
9:15 of 1st period - Shot Misses the Net.
9:17 of 1st period - Shot by Charlie Coyle.
9:17 of 1st period - Stopped by Mackenzie Blackwood without a rebound.
9:18 of 1st period - Sam Reinhart wins face-off versus Craig Smith in ST. LOUIS Blues zone.
9:20 of 1st period - Minor Penalty to Brayden McNabb for Hooking.
9:21 of 1st period - Charlie Coyle wins face-off versus Craig Smith in ST. LOUIS Blues zone.
9:24 of 1st period - Shot by Jeff Petry .
9:24 of 1st period - Shot Misses the Net.
9:50 of 1st period - Shot by Damon Severson.
9:50 of 1st period - Stopped by Mackenzie Blackwood without a rebound.
9:51 of 1st period - Dawson Mercer wins face-off versus Phillip Danault in ST. LOUIS Blues zone.
10:16 of 1st period - Matthew Highmore is hit by Andreas Athanasiou and loses puck.
11:35 of 1st period - Shot by Dawson Mercer.
11:35 of 1st period - Deflect By Dmitrij Jaskin.
11:35 of 1st period - Shot Blocked by Dylan Larkin.
11:37 of 1st period - Shot by Anton Lindholm.
11:37 of 1st period - Shot Blocked by Luke Schenn.
12:02 of 1st period - Minor Penalty to Alexei Toropchenko for Boarding.
12:03 of 1st period - Sam Reinhart wins face-off versus Phillip Danault in WINNIPEG Jets zone.
12:32 of 1st period - Shot by David Perron.
12:32 of 1st period - Stopped by Ukko-Pekka Luukkonen without a rebound.
12:33 of 1st period - Dylan Larkin wins face-off versus Sam Reinhart in WINNIPEG Jets zone.
12:52 of 1st period - Shot by Brendan Gallagher.
12:52 of 1st period - Shot Misses the Net.
12:54 of 1st period - Shot by Jonas Brodin.
12:54 of 1st period - Goal by Jonas Brodin - WINNIPEG Jets : 1 - ST. LOUIS Blues : 2.
12:55 of 1st period - Rasmus Kupari wins face-off versus Craig Smith in neutral zone.
12:55 of 1st period - Jeff Petry is hit by Craig Smith and loses puck.
12:59 of 1st period - Minor Penalty to James Neal for Tripping.
13:00 of 1st period - Marcus Foligno wins face-off versus Dawson Mercer in ST. LOUIS Blues zone.
13:07 of 1st period - Icing by Alex Barre-Boulet.
13:08 of 1st period - Phillip Danault wins face-off versus Dawson Mercer in WINNIPEG Jets zone.
13:24 of 1st period - Icing by Andreas Athanasiou.
13:25 of 1st period - Phillip Danault wins face-off versus Dawson Mercer in WINNIPEG Jets zone.
13:42 of 1st period - Shot by Damon Severson.
13:42 of 1st period - Shot Misses the Net.
14:15 of 1st period - Gemel Smith is hit by Jonas Brodin and loses puck.
14:24 of 1st period - Shot by Olli Juolevi.
14:24 of 1st period - Stopped by Mackenzie Blackwood without a rebound.
14:25 of 1st period - Phillip Danault wins face-off versus Sam Reinhart in ST. LOUIS Blues zone.
14:48 of 1st period - Shot by Sam Reinhart.
14:48 of 1st period - Stopped by Mackenzie Blackwood without a rebound.
14:49 of 1st period - Dawson Mercer wins face-off versus Phillip Danault in ST. LOUIS Blues zone.
15:13 of 1st period - Andreas Athanasiou is hit by Jeremy Lauzon.
15:28 of 1st period - Minor Penalty to Rasmus Kupari for Hooking.
15:29 of 1st period - Phillip Danault wins face-off versus Sam Reinhart in WINNIPEG Jets zone.
15:40 of 1st period - Shot by Justin Schultz.
15:40 of 1st period - Shot Misses the Net.
15:42 of 1st period - Shot by Jonas Brodin.
15:42 of 1st period - Shot Misses the Net.
15:44 of 1st period - Shot by Phillip Danault.
15:44 of 1st period - Shot Misses the Net.
15:46 of 1st period - Shot by Jonas Brodin.
15:46 of 1st period - Shot Misses the Net.
15:48 of 1st period - Shot by Jaden Schwartz.
15:48 of 1st period - Shot Blocked by Sam Reinhart.
15:50 of 1st period - Shot by Justin Schultz.
15:50 of 1st period - Stopped by Ukko-Pekka Luukkonen without a rebound.
15:51 of 1st period - Dylan Larkin wins face-off versus Sam Reinhart in WINNIPEG Jets zone.
15:56 of 1st period - Shot by David Perron.
15:56 of 1st period - Stopped by Ukko-Pekka Luukkonen with a rebound.
16:48 of 1st period - Shot by Phillip Danault.
16:48 of 1st period - Stopped by Ukko-Pekka Luukkonen without a rebound.
16:49 of 1st period - Phillip Danault wins face-off versus Sam Reinhart in WINNIPEG Jets zone.
17:07 of 1st period - Olli Juolevi is hit by Phillip Danault and loses puck.
17:20 of 1st period - Shot by Justin Schultz.
17:20 of 1st period - Shot Misses the Net.
17:22 of 1st period - Shot by Jonas Brodin.
17:22 of 1st period - Stopped by Ukko-Pekka Luukkonen without a rebound.
17:23 of 1st period - Dylan Larkin wins face-off versus Sam Reinhart in WINNIPEG Jets zone.
17:24 of 1st period - Shot by Brendan Gallagher.
17:24 of 1st period - Shot Misses the Net.
17:26 of 1st period - Shot by Zach Whitecloud.
17:26 of 1st period - Shot Misses the Net.
17:28 of 1st period - Shot by Brendan Gallagher.
17:28 of 1st period - Shot Misses the Net.
17:30 of 1st period - Shot by Matthew Highmore.
17:30 of 1st period - Shot Misses the Net.
17:32 of 1st period - Shot by Jake Leschyshyn.
17:32 of 1st period - Stopped by Ukko-Pekka Luukkonen with a rebound.
19:01 of 1st period - Jesper Bratt is hit by Damon Severson and loses puck.
19:20 of 1st period - Shot by Andreas Athanasiou.
19:20 of 1st period - Shot Blocked by Brayden McNabb.
19:27 of 1st period - Off-side.
19:28 of 1st period - Craig Smith wins face-off versus Sam Reinhart in neutral zone.
19:28 of 1st period - Minor Penalty to Alexei Toropchenko for Hooking.
19:29 of 1st period - Phillip Danault wins face-off versus Sam Reinhart in WINNIPEG Jets zone.
Goals for this period are 1 for WINNIPEG Jets vs 2 for ST. LOUIS Blues .
Shots for this period are 10 for WINNIPEG Jets vs 13 for ST. LOUIS Blues .

2nd period


0:01 of 2nd period - Dylan Larkin wins face-off versus Sam Reinhart in neutral zone.
0:54 of 2nd period - Jeff Petry is hit by Zach Whitecloud and loses puck.
1:23 of 2nd period - Shot by Jaden Schwartz.
1:23 of 2nd period - Shot Blocked by Gemel Smith.
1:50 of 2nd period - Icing by Alexei Toropchenko.
1:51 of 2nd period - Craig Smith wins face-off versus Sam Reinhart in WINNIPEG Jets zone.
2:20 of 2nd period - Icing by Jonas Brodin.
2:21 of 2nd period - James Neal wins face-off versus Dawson Mercer in ST. LOUIS Blues zone.
2:21 of 2nd period - Justin Schultz is hit by Dmitrij Jaskin.
2:40 of 2nd period - Craig Smith is hit by Jeff Petry and loses puck.
3:24 of 2nd period - Shot by Olli Juolevi.
3:24 of 2nd period - Stopped by Mackenzie Blackwood without a rebound.
3:25 of 2nd period - Dylan Larkin wins face-off versus Gemel Smith in ST. LOUIS Blues zone.
4:39 of 2nd period - Minor Penalty to Noah Cates for Holding.
4:40 of 2nd period - Dawson Mercer wins face-off versus Phillip Danault in WINNIPEG Jets zone.
4:58 of 2nd period - Icing by Phillip Danault.
4:59 of 2nd period - Sam Reinhart wins face-off versus Phillip Danault in ST. LOUIS Blues zone.
5:22 of 2nd period - Shot by Jaden Schwartz.
5:22 of 2nd period - Stopped by Ukko-Pekka Luukkonen without a rebound.
5:23 of 2nd period - Dylan Larkin wins face-off versus Sam Reinhart in WINNIPEG Jets zone.
5:36 of 2nd period - Shot by Justin Schultz.
5:36 of 2nd period - Stopped by Ukko-Pekka Luukkonen without a rebound.
5:37 of 2nd period - Dylan Larkin wins face-off versus Dawson Mercer in WINNIPEG Jets zone.
5:37 of 2nd period - Justin Schultz is hit by Jeff Petry and loses puck.
5:46 of 2nd period - Shot by Jesper Bratt.
5:46 of 2nd period - Shot Misses the Net.
5:48 of 2nd period - Shot by Justin Schultz.
5:48 of 2nd period - Stopped by Ukko-Pekka Luukkonen without a rebound.
5:49 of 2nd period - Phillip Danault wins face-off versus Sam Reinhart in WINNIPEG Jets zone.
5:55 of 2nd period - Dominic Kubalik is hit by Jeff Petry and loses puck.
6:05 of 2nd period - Icing by Phillip Danault.
6:06 of 2nd period - Sam Reinhart wins face-off versus Phillip Danault in ST. LOUIS Blues zone.
6:32 of 2nd period - Shot by David Perron.
6:32 of 2nd period - Stopped by Ukko-Pekka Luukkonen without a rebound.
6:33 of 2nd period - Dylan Larkin wins face-off versus Dawson Mercer in WINNIPEG Jets zone.
6:44 of 2nd period - Shot by Jake Leschyshyn.
6:44 of 2nd period - Goal by Jake Leschyshyn - WINNIPEG Jets : 1 - ST. LOUIS Blues : 3.
6:45 of 2nd period - Rasmus Kupari wins face-off versus Dylan Larkin in neutral zone.
7:19 of 2nd period - Shot by Andreas Athanasiou.
7:19 of 2nd period - Stopped by Mackenzie Blackwood with a rebound.
7:21 of 2nd period - Shot by Olli Juolevi.
7:21 of 2nd period - Shot Blocked by Jonas Brodin.
7:23 of 2nd period - Shot by Andreas Athanasiou.
7:23 of 2nd period - Shot Misses the Net.
7:27 of 2nd period - Shot by Ethan Bear.
7:27 of 2nd period - Shot Misses the Net.
7:48 of 2nd period - Icing by Jesper Bratt.
7:49 of 2nd period - Sam Reinhart wins face-off versus Dylan Larkin in ST. LOUIS Blues zone.
7:58 of 2nd period - Shot by Sam Reinhart.
7:58 of 2nd period - Deflect By Alexei Toropchenko.
7:58 of 2nd period - Stopped by Mackenzie Blackwood without a rebound.
7:59 of 2nd period - Phillip Danault wins face-off versus Dawson Mercer in ST. LOUIS Blues zone.
9:06 of 2nd period - Shot by Rasmus Kupari.
9:06 of 2nd period - Stopped by Mackenzie Blackwood without a rebound.
9:07 of 2nd period - Sam Reinhart wins face-off versus James Neal in ST. LOUIS Blues zone.
9:10 of 2nd period - Shot by Charlie Coyle.
9:10 of 2nd period - Deflect By Sam Reinhart.
9:10 of 2nd period - Shot Blocked by Craig Smith.
9:12 of 2nd period - Shot by Anton Lindholm.
9:12 of 2nd period - Stopped by Mackenzie Blackwood without a rebound.
9:13 of 2nd period - Craig Smith wins face-off versus Rasmus Kupari in ST. LOUIS Blues zone.
9:30 of 2nd period - Shot by David Perron.
9:30 of 2nd period - Stopped by Ukko-Pekka Luukkonen with a rebound.
9:37 of 2nd period - Olli Juolevi is hit by Justin Schultz and loses puck.
9:38 of 2nd period - Minor Penalty to Jonas Brodin for High sticking.
9:39 of 2nd period - Phillip Danault wins face-off versus Sam Reinhart in ST. LOUIS Blues zone.
9:51 of 2nd period - Off-side.
9:52 of 2nd period - Dawson Mercer wins face-off versus Phillip Danault in neutral zone.
9:55 of 2nd period - Shot by Jeff Petry .
9:55 of 2nd period - Shot Misses the Net.
9:57 of 2nd period - Shot by Jeff Petry .
9:57 of 2nd period - Stopped by Mackenzie Blackwood without a rebound.
9:58 of 2nd period - Dawson Mercer wins face-off versus Phillip Danault in ST. LOUIS Blues zone.
10:13 of 2nd period - Shot by Andreas Athanasiou.
10:13 of 2nd period - Stopped by Mackenzie Blackwood with a rebound.
10:19 of 2nd period - Shot by Jeff Petry .
10:19 of 2nd period - Stopped by Mackenzie Blackwood without a rebound.
10:20 of 2nd period - Phillip Danault wins face-off versus Sam Reinhart in ST. LOUIS Blues zone.
10:26 of 2nd period - Icing by Charlie Coyle.
10:27 of 2nd period - Phillip Danault wins face-off versus Sam Reinhart in WINNIPEG Jets zone.
11:11 of 2nd period - Shot by Olli Juolevi.
11:11 of 2nd period - Shot Blocked by Justin Schultz.
11:25 of 2nd period - Shot by Dawson Mercer.
11:25 of 2nd period - Deflect By Andreas Athanasiou.
11:25 of 2nd period - Shot Misses the Net.
11:27 of 2nd period - Shot by Dawson Mercer.
11:27 of 2nd period - Stopped by Mackenzie Blackwood with a rebound.
11:29 of 2nd period - Shot by Jeff Petry .
11:29 of 2nd period - Shot Misses the Net.
12:41 of 2nd period - Shot by Andreas Athanasiou.
12:41 of 2nd period - Shot Misses the Net.
14:03 of 2nd period - Shot by Phillip Danault.
14:03 of 2nd period - Stopped by Ukko-Pekka Luukkonen without a rebound.
14:04 of 2nd period - Gemel Smith wins face-off versus Jake Leschyshyn in WINNIPEG Jets zone.
14:04 of 2nd period - Gemel Smith is hit by Marcus Foligno.
14:07 of 2nd period - Anton Lindholm is hit by Marcus Foligno and loses puck.
14:12 of 2nd period - Shot by Anton Lindholm.
14:12 of 2nd period - Stopped by Mackenzie Blackwood with a rebound.
14:14 of 2nd period - Shot by Gemel Smith.
14:14 of 2nd period - Stopped by Mackenzie Blackwood without a rebound.
14:15 of 2nd period - Phillip Danault wins face-off versus Dawson Mercer in ST. LOUIS Blues zone.
14:26 of 2nd period - Shot by Jaden Schwartz.
14:26 of 2nd period - Shot Misses the Net.
14:38 of 2nd period - Shot by Jaden Schwartz.
14:38 of 2nd period - Stopped by Ukko-Pekka Luukkonen without a rebound.
14:39 of 2nd period - Dylan Larkin wins face-off versus Sam Reinhart in WINNIPEG Jets zone.
14:55 of 2nd period - Shot by Brendan Gallagher.
14:55 of 2nd period - Stopped by Ukko-Pekka Luukkonen without a rebound.
14:56 of 2nd period - Phillip Danault wins face-off versus Dawson Mercer in WINNIPEG Jets zone.
15:16 of 2nd period - Icing by Justin Schultz.
15:17 of 2nd period - Phillip Danault wins face-off versus Rasmus Kupari in ST. LOUIS Blues zone.
15:32 of 2nd period - Shot by Andreas Athanasiou.
15:32 of 2nd period - Shot Misses the Net.
16:01 of 2nd period - Justin Schultz is hit by Jeff Petry and loses puck.
16:31 of 2nd period - Jesper Bratt is hit by Dawson Mercer and loses puck.
16:32 of 2nd period - Jesper Bratt from ST. LOUIS Blues is injured at 16:32 of 2nd period (Right Hip).
16:33 of 2nd period - Sam Reinhart wins face-off versus Brendan Gallagher in ST. LOUIS Blues zone.
16:43 of 2nd period - Shot by Sam Reinhart.
16:43 of 2nd period - Stopped by Mackenzie Blackwood without a rebound.
16:44 of 2nd period - Dylan Larkin wins face-off versus Dawson Mercer in ST. LOUIS Blues zone.
16:46 of 2nd period - Icing by David Perron.
16:47 of 2nd period - Dylan Larkin wins face-off versus Dawson Mercer in ST. LOUIS Blues zone.
16:47 of 2nd period - Brendan Gallagher is hit by Dmitrij Jaskin and loses puck.
17:28 of 2nd period - Shot by Dylan Larkin.
17:28 of 2nd period - Stopped by Ukko-Pekka Luukkonen without a rebound.
17:29 of 2nd period - Jake Leschyshyn wins face-off versus Rasmus Kupari in WINNIPEG Jets zone.
17:39 of 2nd period - Minor Penalty to Luke Schenn for High sticking.
17:40 of 2nd period - Phillip Danault wins face-off versus Sam Reinhart in ST. LOUIS Blues zone.
17:40 of 2nd period - Phillip Danault is hit by Gemel Smith.
18:01 of 2nd period - Icing by Charlie Coyle.
18:02 of 2nd period - Sam Reinhart wins face-off versus Phillip Danault in WINNIPEG Jets zone.
18:30 of 2nd period - Shot by Jeff Petry .
18:30 of 2nd period - Stopped by Mackenzie Blackwood without a rebound.
18:31 of 2nd period - Andreas Athanasiou wins face-off versus Craig Smith in ST. LOUIS Blues zone.
19:06 of 2nd period - Shot by Ethan Bear.
19:06 of 2nd period - Stopped by Mackenzie Blackwood without a rebound.
19:07 of 2nd period - Phillip Danault wins face-off versus Sam Reinhart in ST. LOUIS Blues zone.
19:22 of 2nd period - Shot by Damon Severson.
19:22 of 2nd period - Stopped by Mackenzie Blackwood without a rebound.
19:23 of 2nd period - Dawson Mercer wins face-off versus Craig Smith in ST. LOUIS Blues zone.
19:23 of 2nd period - Damon Severson is hit by Brayden McNabb and loses puck.
19:28 of 2nd period - Shot by Andreas Athanasiou.
19:28 of 2nd period - Stopped by Mackenzie Blackwood without a rebound.
19:29 of 2nd period - Sam Reinhart wins face-off versus Marcus Foligno in ST. LOUIS Blues zone.
19:30 of 2nd period - Shot by Ethan Bear.
19:30 of 2nd period - Stopped by Mackenzie Blackwood with a rebound.
19:39 of 2nd period - Minor Penalty to Dmitrij Jaskin for Hooking.
19:40 of 2nd period - Sam Reinhart wins face-off versus Dylan Larkin in WINNIPEG Jets zone.
19:40 of 2nd period - Sam Reinhart is hit by Dylan Larkin.
Goals for this period are 0 for WINNIPEG Jets vs 1 for ST. LOUIS Blues .
Shots for this period are 17 for WINNIPEG Jets vs 10 for ST. LOUIS Blues .

3rd period


0:01 of 3rd period - Dylan Larkin wins face-off versus Gemel Smith in neutral zone.
0:18 of 3rd period - Icing by Jonas Brodin.
0:19 of 3rd period - Sam Reinhart wins face-off versus Dylan Larkin in ST. LOUIS Blues zone.
1:01 of 3rd period - Andreas Athanasiou is hit by Jonas Brodin and loses puck.
2:28 of 3rd period - Icing by Anton Lindholm.
2:29 of 3rd period - Phillip Danault wins face-off versus Dawson Mercer in WINNIPEG Jets zone.
2:52 of 3rd period - Shot by Dominic Kubalik.
2:52 of 3rd period - Goal by Dominic Kubalik - WINNIPEG Jets : 1 - ST. LOUIS Blues : 4.
2:53 of 3rd period - Craig Smith wins face-off versus Sam Reinhart in neutral zone.
2:55 of 3rd period - Off-side.
2:56 of 3rd period - Rasmus Kupari wins face-off versus Brendan Gallagher in neutral zone.
2:58 of 3rd period - Damon Severson is hit by Jonas Brodin and loses puck.
3:47 of 3rd period - Phillip Danault is hit by Eeli Tolvanen and loses puck.
4:06 of 3rd period - Shot by Jaden Schwartz.
4:06 of 3rd period - Stopped by Ukko-Pekka Luukkonen with a rebound.
4:36 of 3rd period - Shot by Alexei Toropchenko.
4:36 of 3rd period - Shot Blocked by Brayden McNabb.
5:00 of 3rd period - Shot by Vitali Abramov.
5:00 of 3rd period - Stopped by Mackenzie Blackwood without a rebound.
5:01 of 3rd period - Craig Smith wins face-off versus Dawson Mercer in ST. LOUIS Blues zone.
5:03 of 3rd period - Justin Schultz is hit by Dmitrij Jaskin.
5:08 of 3rd period - Minor Penalty to Jeff Petry for Roughing.
5:09 of 3rd period - Dylan Larkin wins face-off versus Sam Reinhart in WINNIPEG Jets zone.
5:22 of 3rd period - Shot by Justin Schultz.
5:22 of 3rd period - Shot Misses the Net.
5:42 of 3rd period - Shot by Brendan Gallagher.
5:42 of 3rd period - Stopped by Ukko-Pekka Luukkonen without a rebound.
5:43 of 3rd period - Dylan Larkin wins face-off versus Gemel Smith in WINNIPEG Jets zone.
5:51 of 3rd period - Brendan Gallagher is hit by Ethan Bear and loses puck.
6:26 of 3rd period - Shot by Jonas Brodin.
6:26 of 3rd period - Stopped by Ukko-Pekka Luukkonen without a rebound.
6:27 of 3rd period - Phillip Danault wins face-off versus Dawson Mercer in WINNIPEG Jets zone.
6:46 of 3rd period - Shot by Jonas Brodin.
6:46 of 3rd period - Stopped by Ukko-Pekka Luukkonen without a rebound.
6:47 of 3rd period - Dylan Larkin wins face-off versus Sam Reinhart in WINNIPEG Jets zone.
7:26 of 3rd period - Shot by Matthew Highmore.
7:26 of 3rd period - Stopped by Ukko-Pekka Luukkonen with a rebound.
7:48 of 3rd period - Shot by Matthew Highmore.
7:48 of 3rd period - Stopped by Ukko-Pekka Luukkonen without a rebound.
7:49 of 3rd period - Rasmus Kupari wins face-off versus David Perron in WINNIPEG Jets zone.
8:02 of 3rd period - Shot by David Perron.
8:02 of 3rd period - Deflect By James Neal.
8:02 of 3rd period - Shot Misses the Net.
8:16 of 3rd period - Shot by Craig Smith.
8:16 of 3rd period - Goal by Craig Smith - WINNIPEG Jets : 1 - ST. LOUIS Blues : 5.
8:17 of 3rd period - Dominic Kubalik wins face-off versus Sam Reinhart in neutral zone.
8:20 of 3rd period - Alexei Toropchenko is hit by Jaden Schwartz and loses puck.
8:29 of 3rd period - Shot by Phillip Danault.
8:29 of 3rd period - Stopped by Ukko-Pekka Luukkonen with a rebound.
8:45 of 3rd period - Shot by Dominic Kubalik.
8:45 of 3rd period - Stopped by Ukko-Pekka Luukkonen without a rebound.
8:46 of 3rd period - Rasmus Kupari wins face-off versus Dylan Larkin in WINNIPEG Jets zone.
8:46 of 3rd period - Rasmus Kupari is hit by Brendan Gallagher.
9:39 of 3rd period - Olli Juolevi is hit by Phillip Danault and loses puck.
10:22 of 3rd period - Shot by Dawson Mercer.
10:22 of 3rd period - Stopped by Mackenzie Blackwood without a rebound.
10:23 of 3rd period - Jake Leschyshyn wins face-off versus Sam Reinhart in ST. LOUIS Blues zone.
12:03 of 3rd period - Shot by Brendan Gallagher.
12:03 of 3rd period - Stopped by Ukko-Pekka Luukkonen without a rebound.
12:04 of 3rd period - Rasmus Kupari wins face-off versus Phillip Danault in WINNIPEG Jets zone.
12:25 of 3rd period - Shot by Ethan Bear.
12:25 of 3rd period - Shot Misses the Net.
13:02 of 3rd period - Icing by Charlie Coyle.
13:03 of 3rd period - Sam Reinhart wins face-off versus Dylan Larkin in WINNIPEG Jets zone.
13:07 of 3rd period - Alexei Toropchenko is hit by David Perron and loses puck.
13:26 of 3rd period - Shot by Charlie Coyle.
13:26 of 3rd period - Shot Blocked by Brayden McNabb.
14:38 of 3rd period - Icing by Dylan Larkin.
14:39 of 3rd period - Dylan Larkin wins face-off versus Rasmus Kupari in ST. LOUIS Blues zone.
15:16 of 3rd period - Shot by Phillip Danault.
15:16 of 3rd period - Shot Misses the Net.
15:34 of 3rd period - Sam Reinhart is hit by Phillip Danault and loses puck.
15:56 of 3rd period - Minor Penalty to Charlie Coyle for Tripping.
15:57 of 3rd period - Sam Reinhart wins face-off versus Phillip Danault in WINNIPEG Jets zone.
16:16 of 3rd period - Shot by Phillip Danault.
16:16 of 3rd period - Stopped by Ukko-Pekka Luukkonen without a rebound.
16:17 of 3rd period - Craig Smith wins face-off versus Sam Reinhart in WINNIPEG Jets zone.
16:22 of 3rd period - Shot by Jonas Brodin.
16:22 of 3rd period - Shot Misses the Net.
16:30 of 3rd period - Shot by Luke Schenn.
16:30 of 3rd period - Shot Blocked by Olli Juolevi.
17:29 of 3rd period - Shot by Brendan Gallagher.
17:29 of 3rd period - Stopped by Ukko-Pekka Luukkonen without a rebound.
17:30 of 3rd period - Phillip Danault wins face-off versus Sam Reinhart in WINNIPEG Jets zone.
17:35 of 3rd period - Shot by Justin Schultz.
17:35 of 3rd period - Shot Misses the Net.
17:43 of 3rd period - Shot by Jaden Schwartz.
17:43 of 3rd period - Shot Misses the Net.
17:49 of 3rd period - Shot by Justin Schultz.
17:49 of 3rd period - Stopped by Ukko-Pekka Luukkonen without a rebound.
17:50 of 3rd period - Phillip Danault wins face-off versus Dawson Mercer in WINNIPEG Jets zone.
17:55 of 3rd period - Shot by Justin Schultz.
17:55 of 3rd period - Shot Blocked by Jeff Petry .
17:57 of 3rd period - Shot by Marcus Foligno.
17:57 of 3rd period - Shot Misses the Net.
17:59 of 3rd period - Shot by Luke Schenn.
17:59 of 3rd period - Stopped by Ukko-Pekka Luukkonen without a rebound.
18:00 of 3rd period - Jake Leschyshyn wins face-off versus Rasmus Kupari in WINNIPEG Jets zone.
18:12 of 3rd period - Jake Leschyshyn is hit by Jeff Petry and loses puck.
18:17 of 3rd period - Shot by Matthew Highmore.
18:17 of 3rd period - Shot Hit the Post.
18:19 of 3rd period - Shot by Jake Leschyshyn.
18:19 of 3rd period - Shot Misses the Net.
18:21 of 3rd period - Shot by Matthew Highmore.
18:21 of 3rd period - Shot Misses the Net.
18:23 of 3rd period - Shot by Matthew Highmore.
18:23 of 3rd period - Shot Misses the Net.
18:25 of 3rd period - Shot by Luke Schenn.
18:25 of 3rd period - Stopped by Ukko-Pekka Luukkonen without a rebound.
18:26 of 3rd period - Dawson Mercer wins face-off versus Phillip Danault in WINNIPEG Jets zone.
18:39 of 3rd period - Icing by Dawson Mercer.
18:40 of 3rd period - Dylan Larkin wins face-off versus Dawson Mercer in WINNIPEG Jets zone.
18:41 of 3rd period - Shot by Justin Schultz.
18:41 of 3rd period - Shot Misses the Net.
19:27 of 3rd period - Justin Schultz is hit by Dmitrij Jaskin and loses puck.
19:37 of 3rd period - Jonas Brodin is hit by Jeff Petry and loses puck.
19:55 of 3rd period - Phillip Danault is hit by Jeff Petry and loses puck.
Goals for this period are 0 for WINNIPEG Jets vs 2 for ST. LOUIS Blues .
Shots for this period are 2 for WINNIPEG Jets vs 16 for ST. LOUIS Blues .